| TOP OF THE 1ST |
|
Orem Owlz batting - Pitching for Baltimore (APP) Orioles : RHP Matt Talaski
|
|
Pitching: RHP Matt Talaski
|
|
|
Batting: SHB Butch Brown
|
0-0: Fly out, F9 (Flyball, 9, EV 90.6 MPH)
|
|
Batting: RHB Danny Guevara
|
0-0: Called Strike 0-1: Ball 1-1: Swinging Strike 1-2: SINGLE (Groundball, 56, EV 100.0 MPH)
|
|
Batting: RHB Ryan Pelletier
|
0-0: Ball 1-0: Foul Ball, location: 2F 1-1: Ball 2-1: Ball 3-1: Base on Balls Danny Guevara to second
|
|
Batting: LHB Nick Isaac
|
0-0: Ball 1-0: Foul Ball, location: 2F 1-1: Ball 2-1: Swinging Strike 2-2: Ball 3-2: Strikes out swinging
|
|
Batting: RHB J.R. Roberts
|
0-0: Foul Ball, location: 2F 0-1: Swinging Strike 0-2: Foul Ball, location: 2F 0-2: Ball 1-2: Foul Ball, location: 2F 1-2: Strikes out looking
|
| Top of the 1st over - 0 runs, 1 hit, 0 errors, 2 left on base; Orem 0 - Baltimore (APP) 0 |
| BOTTOM OF THE 1ST |
|
Baltimore (APP) Orioles batting - Pitching for Orem Owlz : LHP Paul Griffin
|
|
Pitching: LHP Paul Griffin
|
|
|
Batting: RHB Mike Zepeda
|
0-0: Foul Ball, location: 2F 0-1: Ball 1-1: Swinging Strike 1-2: Strikes out looking
|
|
Batting: RHB Alex Valencia
|
0-0: Ball 1-0: Ball 2-0: Foul Ball, location: 2F 2-1: Foul Ball, location: 2F 2-2: Foul Ball, location: 2F 2-2: Foul Ball, location: 2F 2-2: SINGLE (Groundball, 34D, EV 106.2 MPH)
|
|
Batting: RHB Jeremy Sipe
|
0-0: Called Strike 0-1: Swinging Strike 0-2: Foul Ball, location: 2F 0-2: DOUBLE (Line Drive, 89D, EV 102.5 MPH) Alex Valencia to third
|
|
Batting: LHB Justin Alworth
|
0-0: Ground out 6-3 (Groundball, 56D, EV 90.6 MPH) Alex Valencia scores
|
|
Batting: RHB Lee Deason
|
0-0: Ball Wild Pitch! Jeremy Sipe to third 1-0: Ground out 4-3 (Groundball, 4, EV 100.0 MPH)
|
| Bottom of the 1st over - 1 run, 2 hits, 0 errors, 1 left on base; Orem 0 - Baltimore (APP) 1 |
| TOP OF THE 2ND |
|
Orem Owlz batting - Pitching for Baltimore (APP) Orioles : RHP Matt Talaski
|
|
Batting: RHB Danny Bjarnson
|
0-0: Ball 1-0: Foul Ball, location: 2F 1-1: SINGLE (Line Drive, 9S, EV 106.2 MPH)
|
|
Batting: RHB Malachi Ephron
|
0-0: Ball 1-0: Foul Ball, location: 2F 1-1: Ball 2-1: Foul Ball, location: 2F 2-2: Ball 3-2: Foul Ball, location: 2F 3-2: Strikes out swinging
|
|
Batting: RHB Areda Obote
|
0-0: Called Strike 0-1: Ball 1-1: Called Strike 1-2: Ball 2-2: Grounds into double play, 4-6-3 (Groundball, 4, EV 108.8 MPH)
|
| Top of the 2nd over - 0 runs, 1 hit, 0 errors, 0 left on base; Orem 0 - Baltimore (APP) 1 |
| BOTTOM OF THE 2ND |
|
Baltimore (APP) Orioles batting - Pitching for Orem Owlz : LHP Paul Griffin
|
|
Batting: LHB Tomas de Zeeuw
|
0-0: Foul Ball, location: 2F 0-1: Swinging Strike 0-2: DOUBLE (Line Drive, 78D, EV 99.4 MPH)
|
|
Batting: LHB Antonio Cantu
|
0-0: Swinging Strike 0-1: Ball 1-1: Swinging Strike 1-2: Ball 2-2: Strikes out swinging
|
|
Batting: RHB Matt O'Dea
|
0-0: Called Strike 0-1: Ground out 4-3 (Groundball, 4, EV 86.2 MPH) Tomas de Zeeuw to third
|
|
Batting: RHB Ioan Biros
|
0-0: Called Strike 0-1: Ball 1-1: Ball 2-1: SINGLE (Groundball, 6MD, EV 97.5 MPH) Tomas de Zeeuw scores
|
|
Batting: RHB Mike Zepeda
|
0-0: Called Strike 0-1: Ball 1-1: Ball 2-1: Ball 3-1: Fly out, F8 (Flyball, 8LD, EV 105.0 MPH)
|
| Bottom of the 2nd over - 1 run, 2 hits, 0 errors, 1 left on base; Orem 0 - Baltimore (APP) 2 |
| TOP OF THE 3RD |
|
Orem Owlz batting - Pitching for Baltimore (APP) Orioles : RHP Matt Talaski
|
|
Batting: RHB Javier Castaneda
|
0-0: Called Strike 0-1: Fly out, F4 (Flyball, 3D, EV 80.6 MPH)
|
|
Batting: SHB Butch Brown
|
0-0: Ball 1-0: Foul Ball, location: 2F 1-1: Ball 2-1: SINGLE (Flyball, 89S, EV 89.4 MPH)
|
|
Batting: RHB Danny Guevara
|
Balk! Butch Brown to second 0-0: Ball 1-0: Ball 2-0: Ground out 4-3 (Groundball, 4, EV 89.4 MPH) Butch Brown to third
|
|
Batting: RHB Ryan Pelletier
|
0-0: SINGLE (Groundball, 56S, EV 63.1 MPH) (infield hit) Butch Brown scores
|
|
Batting: LHB Nick Isaac
|
0-0: Ball 1-0: Ball 2-0: Called Strike 2-1: SINGLE (Groundball, 6D, EV 103.8 MPH) Ryan Pelletier to second
|
|
Batting: RHB J.R. Roberts
|
0-0: Swinging Strike 0-1: Ball 1-1: Foul Ball, location: 2F 1-2: Ball 2-2: Ball 3-2: SINGLE (Groundball, 56D, EV 108.1 MPH) Ryan Pelletier to third Nick Isaac to second Ryan Pelletier scores Nick Isaac to third
|
|
Batting: RHB Danny Bjarnson
|
0-0: Fly out, F6 (Popup, 6M, EV 56.2 MPH)
|
| Top of the 3rd over - 2 runs, 4 hits, 0 errors, 2 left on base; Orem 2 - Baltimore (APP) 2 |
| BOTTOM OF THE 3RD |
|
Baltimore (APP) Orioles batting - Pitching for Orem Owlz : LHP Paul Griffin
|
|
Batting: RHB Alex Valencia
|
0-0: Called Strike 0-1: Swinging Strike 0-2: Foul Ball, location: 2F 0-2: Hit by Pitch
|
|
Batting: RHB Jeremy Sipe
|
0-0: Called Strike 0-1: Ball 1-1: Ball 2-1: Ball 3-1: Base on Balls Alex Valencia to second
|
|
Batting: LHB Justin Alworth
|
0-0: Ball 1-0: 3-RUN HOME RUN (Flyball, 9D, EV 96.2 MPH), Distance : 379 ft
|
|
Batting: RHB Lee Deason
|
0-0: Called Strike 0-1: Fly out, F7 (Flyball, 7S, EV 89.4 MPH)
|
|
Batting: LHB Tomas de Zeeuw
|
0-0: SINGLE (Groundball, 56, EV 98.1 MPH)
|
|
Batting: LHB Antonio Cantu
|
0-0: Ball 1-0: Ball 2-0: Ball 3-0: Base on Balls Tomas de Zeeuw to second
|
|
Batting: RHB Matt O'Dea
|
0-0: Called Strike 0-1: Swinging Strike 0-2: Ball 1-2: Strikes out swinging
|
|
Batting: RHB Ioan Biros
|
0-0: Called Strike 0-1: Foul Ball, location: 2F 0-2: Foul Ball, location: 2F 0-2: Ball 1-2: Foul Ball, location: 2F 1-2: DOUBLE (Line Drive, 7LD, EV 108.1 MPH) Tomas de Zeeuw scores Antonio Cantu to third Runner from 3rd tries for Home, SAFE, no throw by LF
|
|
Batting: RHB Mike Zepeda
|
0-0: Called Strike 0-1: Called Strike 0-2: Ball 1-2: Foul Ball, location: 2F 1-2: Foul Ball, location: 2F 1-2: Strikes out swinging
|
| Bottom of the 3rd over - 5 runs, 3 hits, 0 errors, 1 left on base; Orem 2 - Baltimore (APP) 7 |
| TOP OF THE 4TH |
|
Orem Owlz batting - Pitching for Baltimore (APP) Orioles : RHP Matt Talaski
|
|
Batting: RHB Malachi Ephron
|
0-0: Foul Ball, location: 2F 0-1: Ball 1-1: Called Strike 1-2: Ball 2-2: Ball 3-2: Base on Balls
|
|
Batting: RHB Areda Obote
|
0-0: Ball 1-0: Ball 2-0: Foul Ball, location: 2F 2-1: Swinging Strike 2-2: Strikes out swinging
|
|
Batting: RHB Javier Castaneda
|
0-0: Called Strike 0-1: Ball 1-1: Foul Ball, location: 2F 1-2: Strikes out swinging
|
|
Batting: SHB Butch Brown
|
0-0: Ball 1-0: Ball 2-0: Foul Ball, location: 2F 2-1: Foul Ball, location: 2F 2-2: Foul Ball, location: 2F 2-2: Ball 3-2: Base on Balls Malachi Ephron to second
|
|
Batting: RHB Danny Guevara
|
0-0: Ground out 4-3 (Groundball, 4, EV 106.9 MPH)
|
| Top of the 4th over - 0 runs, 0 hits, 0 errors, 2 left on base; Orem 2 - Baltimore (APP) 7 |
| BOTTOM OF THE 4TH |
|
Baltimore (APP) Orioles batting - Pitching for Orem Owlz : LHP Paul Griffin
|
|
Batting: RHB Alex Valencia
|
0-0: Ground out 5-3 (Groundball, 56, EV 86.2 MPH)
|
|
Batting: RHB Jeremy Sipe
|
0-0: Swinging Strike 0-1: Called Strike 0-2: Strikes out looking
|
|
Batting: LHB Justin Alworth
|
0-0: Called Strike 0-1: Ball 1-1: Ball 2-1: Ball 3-1: Base on Balls
|
|
Batting: RHB Lee Deason
|
0-0: Called Strike 0-1: Ball 1-1: Swinging Strike 1-2: Foul Ball, location: 2F 1-2: Ground out U3 (Groundball, 34, EV 103.1 MPH)
|
| Bottom of the 4th over - 0 runs, 0 hits, 0 errors, 1 left on base; Orem 2 - Baltimore (APP) 7 |
| TOP OF THE 5TH |
|
Orem Owlz batting - Pitching for Baltimore (APP) Orioles : RHP Matt Talaski
|
|
Pitching: RHP Steve Webb
|
|
|
Batting: RHB Ryan Pelletier
|
0-0: Ball 1-0: Ball 2-0: Ground out 5-3 (Groundball, 5, EV 99.4 MPH)
|
|
Batting: LHB Nick Isaac
|
0-0: Called Strike 0-1: Ball 1-1: Ball 2-1: Called Strike 2-2: Ball 3-2: Foul Ball, location: 2F 3-2: Base on Balls
|
|
Batting: RHB J.R. Roberts
|
0-0: Called Strike 0-1: Ball 1-1: Called Strike Nick Isaac steals 2nd base 1-2: Ball 2-2: Strikes out swinging
|
|
Batting: RHB Danny Bjarnson
|
0-0: Ball 1-0: Called Strike 1-1: Foul Ball, location: 2F 1-2: Strikes out swinging
|
| Top of the 5th over - 0 runs, 0 hits, 0 errors, 1 left on base; Orem 2 - Baltimore (APP) 7 |
| BOTTOM OF THE 5TH |
|
Baltimore (APP) Orioles batting - Pitching for Orem Owlz : LHP Paul Griffin
|
|
Batting: LHB Tomas de Zeeuw
|
0-0: Called Strike 0-1: Swinging Strike 0-2: Foul Ball, location: 2F 0-2: Ball 1-2: Ball 2-2: Strikes out swinging
|
|
Batting: LHB Antonio Cantu
|
0-0: Ball 1-0: Fly out, F4 (Flyball, 4D, EV 82.5 MPH)
|
|
Batting: RHB Matt O'Dea
|
0-0: Called Strike 0-1: SOLO HOME RUN (Flyball, 8LXD, EV 114.4 MPH), Distance : 448 ft
|
|
Pitching: RHP Adam Hefner
|
|
|
Batting: RHB Ioan Biros
|
0-0: Ball 1-0: Called Strike 1-1: Ground out 5-3 (Groundball, 56, EV 87.5 MPH)
|
| Bottom of the 5th over - 1 run, 1 hit, 0 errors, 0 left on base; Orem 2 - Baltimore (APP) 8 |
| TOP OF THE 6TH |
|
Orem Owlz batting - Pitching for Baltimore (APP) Orioles : RHP Steve Webb
|
|
Batting: RHB Malachi Ephron
|
0-0: Ball 1-0: Foul Ball, location: 2F 1-1: Swinging Strike 1-2: Foul Ball, location: 2F 1-2: Ball 2-2: Strikes out swinging
|
|
Batting: RHB Areda Obote
|
0-0: Ball 1-0: Called Strike 1-1: Ball 2-1: Swinging Strike 2-2: Foul Ball, location: 2F 2-2: Strikes out looking
|
|
Batting: RHB Javier Castaneda
|
0-0: Called Strike 0-1: Ball 1-1: Ground out 6-3 (Groundball, 6, EV 90.6 MPH)
|
| Top of the 6th over - 0 runs, 0 hits, 0 errors, 0 left on base; Orem 2 - Baltimore (APP) 8 |
| BOTTOM OF THE 6TH |
|
Baltimore (APP) Orioles batting - Pitching for Orem Owlz : RHP Adam Hefner
|
|
Batting: RHB Mike Zepeda
|
0-0: Foul Ball, location: 2F 0-1: Ball 1-1: Foul Ball, location: 2F 1-2: Ball 2-2: TRIPLE (Line Drive, 78XD, EV 100.6 MPH)
|
|
Batting: RHB Alex Valencia
|
0-0: Called Strike 0-1: Ball 1-1: Ball 2-1: Foul Ball, location: 2F 2-2: Reached on error, E4 (Groundball, 4, EV 85.0 MPH) Mike Zepeda scores
|
|
Batting: RHB Jeremy Sipe
|
0-0: Ball 1-0: Fielders Choice at 2nd, 6-4 (Groundball, 6, EV 89.4 MPH)
|
|
Batting: LHB Justin Alworth
|
0-0: Called Strike 0-1: Called Strike 0-2: Fielders Choice at 2nd, 6-4 (Groundball, 6, EV 100.6 MPH)
|
|
Batting: RHB Lee Deason
|
0-0: Ground out 4-3 (Groundball, 4, EV 88.1 MPH)
|
| Bottom of the 6th over - 1 run, 1 hit, 1 error, 1 left on base; Orem 2 - Baltimore (APP) 9 |
| TOP OF THE 7TH |
|
Orem Owlz batting - Pitching for Baltimore (APP) Orioles : RHP Steve Webb
|
|
Pitching: LHP Freddy Gutierrez
|
|
|
Batting: SHB Butch Brown
|
0-0: Called Strike 0-1: Foul Ball, location: 2F 0-2: Ball 1-2: Ball 2-2: Strikes out swinging
|
|
Batting: RHB Danny Guevara
|
0-0: Hit by Pitch
|
|
Batting: RHB Ryan Pelletier
|
0-0: Swinging Strike 0-1: Ball Wild Pitch! Danny Guevara to second 1-1: Foul Ball, location: 2F 1-2: Ball 2-2: Strikes out swinging
|
|
Batting: LHB Nick Isaac
|
0-0: Ball 1-0: Swinging Strike 1-1: Called Strike 1-2: Ball 2-2: Foul Ball, location: 2F 2-2: Foul Ball, location: 2F 2-2: Strikes out looking
|
| Top of the 7th over - 0 runs, 0 hits, 0 errors, 1 left on base; Orem 2 - Baltimore (APP) 9 |
| BOTTOM OF THE 7TH |
|
Baltimore (APP) Orioles batting - Pitching for Orem Owlz : RHP Adam Hefner
|
|
Pinch Hitting: RHB Ronnie Cummings
|
0-0: SOLO HOME RUN (Flyball, 89XD, EV 104.4 MPH), Distance : 449 ft
|
|
Batting: LHB Antonio Cantu
|
0-0: Ball 1-0: Ball 2-0: Foul Ball, location: 2F 2-1: Fly out, F7 (Line Drive, 7, EV 108.1 MPH)
|
|
Batting: RHB Matt O'Dea
|
0-0: Foul Ball, location: 2F 0-1: Ball 1-1: Foul Ball, location: 2F 1-2: Ball 2-2: Ball 3-2: Foul Ball, location: 2F 3-2: Base on Balls
|
|
Pitching: RHP Ed Raleigh
|
|
|
Batting: RHB Ioan Biros
|
0-0: Ball Wild Pitch! Matt O'Dea to second 1-0: Ball 2-0: Called Strike 2-1: SINGLE (Groundball, 56S, EV 70.0 MPH) (infield hit) Matt O'Dea to third
|
|
Batting: RHB Mike Zepeda
|
0-0: Called Strike 0-1: Ball 1-1: Ball 2-1: Called Strike 2-2: Strikes out swinging
|
|
Batting: RHB Alex Valencia
|
0-0: Called Strike 0-1: Called Strike 0-2: Ball Wild Pitch! Matt O'Dea scores Ioan Biros to second 1-2: Fly out, F7 (Flyball, 7S, EV 85.6 MPH)
|
| Bottom of the 7th over - 2 runs, 2 hits, 0 errors, 1 left on base; Orem 2 - Baltimore (APP) 11 |
| TOP OF THE 8TH |
|
Orem Owlz batting - Pitching for Baltimore (APP) Orioles : LHP Freddy Gutierrez
|
|
Now in LF: Ronnie Cummings
|
|
|
Now in RF: Antonio Cantu
|
|
|
Batting: RHB J.R. Roberts
|
0-0: Ball 1-0: Ball 2-0: Called Strike 2-1: Hit by Pitch
|
|
Batting: RHB Danny Bjarnson
|
0-0: Ball 1-0: SINGLE (Line Drive, 34, EV 101.9 MPH) J.R. Roberts to second J.R. Roberts to third
|
|
Batting: RHB Malachi Ephron
|
0-0: Called Strike 0-1: Ball 1-1: Swinging Strike 1-2: Ball 2-2: Strikes out swinging
|
|
Pitching: LHP Randall Rennie
|
|
|
Batting: RHB Areda Obote
|
0-0: Ball 1-0: Foul Ball, location: 2F 1-1: Swinging Strike 1-2: Strikes out swinging
|
|
Batting: RHB Javier Castaneda
|
0-0: Called Strike 0-1: Ball 1-1: Ball 2-1: SINGLE (Line Drive, 7S, EV 99.4 MPH) J.R. Roberts scores Danny Bjarnson to second
|
|
Batting: SHB Butch Brown
|
0-0: Ball 1-0: Foul Ball, location: 2F 1-1: Ball 2-1: Foul Ball, location: 2F 2-2: Foul Ball, location: 2F 2-2: Strikes out swinging
|
| Top of the 8th over - 1 run, 2 hits, 0 errors, 2 left on base; Orem 3 - Baltimore (APP) 11 |
| BOTTOM OF THE 8TH |
|
Baltimore (APP) Orioles batting - Pitching for Orem Owlz : RHP Ed Raleigh
|
|
Batting: RHB Jeremy Sipe
|
0-0: Called Strike 0-1: Ball 1-1: Ball 2-1: Ball 3-1: Fly out, F8 (Flyball, 89D, EV 90.6 MPH)
|
|
Batting: LHB Justin Alworth
|
0-0: Foul Ball, location: 2F 0-1: Foul Ball, location: 2F 0-2: Ball 1-2: SOLO HOME RUN (Line Drive, 9D, EV 102.5 MPH), Distance : 397 ft
|
|
Pitching: RHP Troy Ingram
|
|
|
Pinch Hitting: RHB Ryan Vest
|
0-0: Ball 1-0: Foul Ball, location: 2F 1-1: Ball 2-1: Ball 3-1: Foul Ball, location: 2F 3-2: Ground out 3-1 (Groundball, 34, EV 85.0 MPH)
|
|
Batting: RHB Ronnie Cummings
|
0-0: Called Strike 0-1: Fly out, F8 (Flyball, 8LM, EV 90.6 MPH)
|
| Bottom of the 8th over - 1 run, 1 hit, 0 errors, 0 left on base; Orem 3 - Baltimore (APP) 12 |
| TOP OF THE 9TH |
|
Orem Owlz batting - Pitching for Baltimore (APP) Orioles : LHP Randall Rennie
|
|
Now at 3B: Ryan Vest
|
|
|
Batting: RHB Danny Guevara
|
0-0: Called Strike 0-1: Ball 1-1: Ball 2-1: Ball 3-1: Called Strike 3-2: SINGLE (Groundball, 6MD, EV 81.2 MPH) (infield hit)
|
|
Batting: RHB Ryan Pelletier
|
0-0: Called Strike 0-1: Ball 1-1: Ground out 6-3 (Groundball, P, EV 91.9 MPH) Danny Guevara to second
|
|
Batting: LHB Nick Isaac
|
0-0: Ball 1-0: Ball 2-0: Called Strike 2-1: Ball 3-1: Foul Ball, location: 2F 3-2: Foul Ball, location: 2F 3-2: Fly out, F8 (Flyball, 8LM, EV 93.1 MPH)
|
|
Batting: RHB J.R. Roberts
|
0-0: Ball 1-0: Foul Ball, location: 2F 1-1: Foul Ball, location: 2F 1-2: Foul Ball, location: 2F 1-2: Strikes out swinging
|
| Top of the 9th over - 0 runs, 1 hit, 0 errors, 1 left on base; Orem 3 - Baltimore (APP) 12 |
|